 Dungeon Crawl Stone Soup version 0.31-a0-819-gf6de2f5ab6 (webtiles) character file.

Game seed: 13031230007548814705

27 qw the Shooter (level 3, -5/21 HPs)
             Began as a Gargoyle Hunter on Sept 23, 2023.
             Slain by a gnoll
             ... wielding a +0 flail
              (8 damage)
             ... on level 2 of the Dungeon.
             The game lasted 00:00:21 (736 turns).

qw the Shooter (Gargoyle Hunter)                     Turns: 736, Time: 00:00:21

Health: -5/21      AC:  9    Str: 14    XL:     3   Next: 10%
Magic:  3/3        EV: 10    Int:  9    God:
Gold:   40         SH:  0    Dex: 15    Spells: 2/2 levels left

rFire   . . .        Y - +0 shortbow
rCold   . . .        (shield currently unavailable)
rNeg    + . .        f - +0 ring mail
rPois   inf          (no helmet)
rElec   +            (no cloak)
rCorr   .            d - +0 pair of gloves
SInv    .            (no boots)
Will    .....        (no amulet)
Stlth   +            (no ring)
HPRegen 0.23/turn    (no ring)
MPRegen 0.08/turn

%: no passive effects
@: no status effects
A: sickness immunity, AC +3, negative energy resistance 1, electricity
resistance, torment resistance 1, petrification resistance
a: no special abilities


You were on level 2 of the Dungeon.
You visited 1 branch of the dungeon, and saw 2 of its levels.

You collected 40 gold pieces.


Innate Abilities, Weirdness & Mutations

You are immune to sickness and miasma.
Your stone body is resilient. (AC +3)
You are immune to poison.
You resist negative energy. (rN+)
You are resistant to electric shocks. (rElec)
You are resistant to unholy torment.
You are immune to petrification.


   Skills:
 - Level 2.1 Fighting
 - Level 4.8 Ranged Weapons
 + Level 0.9 Armour
 - Level 1.5 Dodging
 - Level 1.1 Stealth


You had 2 spell levels left.
You didn't know any spells.
Your spell library was empty.

Inventory:

Hand Weapons
 Y - a +0 shortbow (weapon)
Armour
 d - a +0 pair of gloves (worn)
 f - a +0 ring mail (worn)
Potions
 e - a potion of invisibility {unknown}
 h - a potion of enlightenment {unknown}
 i - a potion of heal wounds {unknown}

Dungeon Overview and Level Annotations

Branches:
Dungeon (2/15)

Altars:


Message History

The gnoll is moderately wounded.
You shoot an arrow. The arrow hits the gnoll.
The gnoll is heavily wounded.
A gnoll comes into view. It is wielding a +0 flail.
726 |||
Found retreat position at -3,-4 (floor) with 0 blocking monsters and 2 monsters attacking at destination at distance 4 x2
726 ||| RETREEAATING.
The gnoll shouts!
The gnoll hits you but does no damage.
727 |||
Found retreat position at -2,-3 (floor) with 0 blocking monsters and 2 monsters attacking at destination at distance 3
727 ||| Stepping ~*~*~tactically~*~*~ (retreating).
The gnoll attacks as it pursues you! The gnoll hits you with a +0 club.
The gnoll misses you.
You shoot an arrow. The arrow barely misses the gnoll.
The gnoll barely misses you. x2
729 |||
Found retreat position at -1,-2 (floor) with 0 blocking monsters and 2 monsters attacking at destination at distance 2
729 ||| Stepping ~*~*~tactically~*~*~ (retreating).
The gnoll attacks as it pursues you! The gnoll closely misses you.
The gnoll attacks as it pursues you! The gnoll barely misses you.
730 |||
Found retreat position at 0,-1 (floor) with 0 blocking monsters and 2 monsters attacking at destination at distance 1
730 ||| Stepping ~*~*~tactically~*~*~ (retreating).
731 |||
Found retreat position at -4,-6 (floor) with 0 blocking monsters and 1 monsters attacking at destination at distance 7
731 ||| Stepping ~*~*~tactically~*~*~ (retreating).
You shoot an arrow. The arrow completely misses the gnoll.
The gnoll hits you from afar with a +0 spear.
733 |||
Found retreat position at -1,2 (gnoll; floor) with 0 blocking monsters and 2 monsters attacking at destination at distance 2
733 ||| Stepping ~*~*~tactically~*~*~ (retreating).
The gnoll hits you with a +0 spear. The gnoll attacks as it pursues you!
The gnoll hits you with a +0 flail.
You shoot an arrow. The arrow closely misses the gnoll.
The gnoll hits you but does no damage.
735 |||
Found retreat position at 0,1 (gnoll; floor) with 0 blocking monsters and 2 monsters attacking at destination at distance 1 You shoot an arrow.
The arrow closely misses the gnoll.
The gnoll hits you with a +0 spear. The gnoll barely misses you.
The gnoll hits you but does no damage.
736 |||
Found retreat position at 0,1 (gnoll; floor) with 0 blocking monsters and 2 monsters attacking at destination at distance 1 You shoot an arrow.
The arrow hits the gnoll but does no damage.
The gnoll is moderately wounded.
The gnoll hits you but does no damage. The gnoll hits you with a +0 flail!
You die...

#.#.............#
#.##...#####....#
#.#.............#
#.#....#####.#..#
#.#....# #....#
#.#....# ###.##
#.#### #.### #.
#gg.##### ##
#@#.%)..##
#g#g#.#..#
#.....:..#
#...#.#..#
#........#
.g....<.#...#
.......#....##
.####......##
##.#####


You could see 3 gnolls.

Vanquished Creatures
  A dart slug (D:2)
  2 endoplasms (D:1)
  3 goblins
  3 hobgoblins
  5 ball pythons (D:1)
  4 bats (D:1)
  3 frilled lizards (D:1)
  2 kobolds (D:1)
  2 rats (D:1)
25 creatures vanquished.

Notes
Turn   | Place    | Note
-------+----------+-------------------------------------------
     0 | D:1      | qw the Gargoyle Hunter began the quest for the Orb.
     0 | D:1      | Reached XP level 1. HP: 12/12 MP: 1/1
     0 | D:1      | 0 ||| qw: Version: 0.3-a-83-gcd0e7d8
     0 | D:1      | 0 ||| qw: Game counter: 1711
     0 | D:1      | 0 ||| qw: Melee chars always use a shield: true
     0 | D:1      | 0 ||| qw: God list: Okawaru
     0 | D:1      | 0 ||| qw: Allow faded altars: false
     0 | D:1      | 0 ||| qw: Do Orc after clearing Dungeon:15 true
     0 | D:1      | 0 ||| qw: Do second Lair branch before Depths: true
     0 | D:1      | 0 ||| qw: Lair rune preference: random
     0 | D:1      | 0 ||| qw: Goals: Normal
     0 | D:1      | 0 ||| PLANNING D:1-11
   137 | D:1      | Reached XP level 2. HP: 17/17 MP: 2/2
   646 | D:1      | 646 ||| UPGRADING to +0 pair of gloves.
   651 | D:1      | 651 ||| UPGRADING to +0 ring mail.
   661 | D:1      | 661 ||| DROPPING +0 leather armour.
   662 | D:1      | 662 ||| READING scroll labelled UCAADY JUETS.
   663 | D:1      | 663 ||| READING scroll labelled RITHRAWK RUQE.
   664 | D:1      | 664 ||| DROPPING scroll of butterflies.
   709 | D:2      | Reached XP level 3. HP: 21/21 MP: 3/3
   726 | D:2      | 726 ||| RETREEAATING.
   727 | D:2      | 727 ||| Stepping ~*~*~tactically~*~*~ (retreating).
   729 | D:2      | 729 ||| Stepping ~*~*~tactically~*~*~ (retreating).
   730 | D:2      | 730 ||| Stepping ~*~*~tactically~*~*~ (retreating).
   731 | D:2      | 731 ||| Stepping ~*~*~tactically~*~*~ (retreating).
   733 | D:2      | 733 ||| Stepping ~*~*~tactically~*~*~ (retreating).
   735 | D:2      | HP: 3/21 [gnoll/+0 spear (5)]
   736 | D:2      | Slain by a gnoll

Levels and vault maps discovered:
D:1:      wander_arrival_fairy_ring, layout_basic
D:2:      layout_basic, serial_glass, glass_columns_a, glass_columns_a,
          glass_columns_b, glass_columns_a

Action                     || total
---------------------------++-------
   Fire: Shortbow          ||    82
    Use: Scroll            ||     2
 Armour: Leather armour    ||    20
         Ring mail         ||    10
  Dodge: Dodged            ||    20

Table legend:
 A = Non-vault XP
 B = Vault XP
 C = Vault XP percentage of total XP
 D = Non-vault monster count
 E = Vault monster count
 F = Vault count percentage of total count
                 A         B        C        D         E       F
            +---------+---------+-------+---------+---------+-------
      Total |      39 |       0 |   0.0 |      25 |       0 |   0.0
            +---------+---------+-------+---------+---------+-------
        D:1 |      31 |       0 |   0.0 |      22 |       0 |   0.0
        D:2 |       8 |       0 |   0.0 |       3 |       0 |   0.0
            +---------+---------+-------+---------+---------+-------
